 Dungeon Crawl Stone Soup version 0.21-a0-522-ga8338f0 (webtiles) character file.

187 mortelune the Magician (level 5, 0/28 HPs)
             Began as a Deep Elf Wizard on Dec 6, 2017.
             Succumbed to a worker ant's poison
             ... on level 4 of the Dungeon.
             The game lasted 00:09:46 (4041 turns).

mortelune the Magician (Deep Elf Wizard)            Turns: 4041, Time: 00:09:47

Health: 0/28       AC:  3    Str:  4    XL:     5   Next: 39%
Magic:  2/14       EV: 13    Int: 24    God:
Gold:   142        SH:  0    Dex: 13    Spells: 8/14 levels left

rFire    . . .     SeeInvis .   p - +0 dagger
rCold    . . .     Gourm    .   (no shield)
rNeg     . . .     Faith    .   a - +0 robe
rPois    .         Spirit   .   q - +0 helmet
rElec    .         Reflect  .   (no cloak)
rCorr    .         Harm     .   (no gloves)
MR       .....                  (no boots)
Stlth    ++........             (no amulet)
HPRegen  0.09/turn              (no ring)
MPRegen  0.14/turn              (no ring)

@: lethally poisoned (0 -> -7)
A: no striking features
a: no special abilities


You were on level 4 of the Dungeon.
You were very hungry.

You visited 1 branch of the dungeon, and saw 4 of its levels.

You collected 142 gold pieces.

Inventory:

Hand Weapons
 p - a +0 dagger (weapon)
 z - a +0 whip
Missiles
 j - 61 sling bullets
Armour
 a - a +0 robe (worn)
 b - a +0 hat
 m - a +2 buckler
 q - a +0 helmet (worn)
Scrolls
 e - 2 scrolls of identify {unknown}
 f - a scroll of noise {unknown}
 g - a scroll of remove curse
 h - 3 scrolls of magic mapping {unknown}
 i - 2 scrolls of fear {unknown}
 k - a scroll of enchant armour {unknown}
 o - a scroll of fog {unknown}
 y - a scroll of random uselessness {unknown}
Potions
 l - a potion of resistance {unknown}
 n - 2 potions of lignification {unknown}
 s - a potion of curing {unknown}
 t - a potion of cancellation
 u - a potion of degeneration {unknown}
 v - a potion of might {unknown}
 x - a potion of brilliance
Books
 c - a book of Minor Magic

   Spells                             Type                      Level
   a - Magic Dart                     Conjuration                  1
   b - Blink                          Translocation                2
   c - Call Imp                       Summoning                    2
   d - Slow                           Hexes                        2
   e - Conjure Flame                  Conjuration/Fire             3
   f - Mephitic Cloud                 Conjuration/Poison/Air       3
Comestibles
 d - 4 bread rations
 r - a royal jelly
 w - a meat ration


   Skills:
 + Level 3.6 Dodging
 - Level 2.4 Stealth
 + Level 5.3 Spellcasting
 * Level 3.7 Conjurations
 + Level 2.2 Summonings
   Level 1.1 Translocations
 + Level 1.4 Fire Magic


You had 8 spell levels left.
You knew the following spells:

 Your Spells              Type           Power        Failure   Level  Hunger
a - Magic Dart            Conj           ###.         1%          1    None
b - Call Imp              Summ           ###.....     4%          2    None
c - Conjure Flame         Conj/Fire      ###.....     9%          3    ##.....


Dungeon Overview and Level Annotations

Branches:
Dungeon (4/15)
 Temple: D:4-7

Altars:
Hepliaklqana
Qazlal
Xom


Message History

The worker ant is almost dead.
You feel sick.
The worker ant bites you but does no damage.
You barely miss the worker ant.
The worker ant is almost dead.
You feel sick. The worker ant bites you.
You feel sick. The worker ant bites you!
* * * LOW HITPOINT WARNING * * *
It was a potion of brilliance.
You feel clever all of a sudden. The worker ant bites you.
* * * LOW HITPOINT WARNING * * *
The worker ant bites you but does no damage.
* * * LOW HITPOINT WARNING * * *
You feel sick.
It was a potion of cancellation.
Your magical effects are unravelling.
You feel magically purged.
You feel a little less clever now.
You die...

#......<......#+#.
#...........#.....
#.................
#.#+######........
#..%. ..........
###.### ..........
.[... ......#.#.
#####.#########.###.
#.a@...[............
#.###.#.##.#....####
#.....#....#........
####################


You could see a worker ant.

Vanquished Creatures
  A bullfrog (D:3)
  2 adders
  2 oozes
  A worm (D:3)
  A dart slug (D:1)
  4 orcs (D:3)
  6 bats
  2 giant cockroaches
  2 goblins
  A hobgoblin (D:2)
  4 jackals
  A quokka (D:2)
  2 frilled lizards
  A jackal skeleton (D:4)
  7 rats
37 creatures vanquished.

Vanquished Creatures (collateral kills)
  2 orc priests (D:3)
  2 adders (D:2)
  A worm (D:2)
  A hobgoblin (D:2)
6 creatures vanquished.

Grand Total: 43 creatures vanquished

Notes
Turn   | Place    | Note
-------+----------+-------------------------------------------
     0 | D:1      | mortelune the Deep Elf Wizard began the quest for the Orb.
     0 | D:1      | Reached XP level 1. HP: 10/10 MP: 7/7
   609 | D:1      | Reached XP level 2. HP: 15/15 MP: 4/9
  1183 | D:1      | You fall through a shaft!
  1187 | D:2      | Learned a level 2 spell: Call Imp
  1590 | D:2      | Reached XP level 3. HP: 19/19 MP: 4/11
  1760 | D:2      | Found a shimmering altar of Xom.
  2057 | D:2      | Learned a level 3 spell: Conjure Flame
  2364 | D:3      | Noticed a bullfrog
  2685 | D:3      | Killed a bullfrog
  2685 | D:3      | Reached skill level 5 in Spellcasting
  2685 | D:3      | Reached XP level 4. HP: 24/24 MP: 0/13
  2841 | D:3      | Reached skill level 1 in Fire Magic
  2854 | D:3      | Reached XP level 5. HP: 28/28 MP: 1/14
  3571 | D:3      | Found a hazy altar of Hepliaklqana.
  3934 | D:4      | Found a stormy altar of Qazlal.
  4040 | D:4      | HP: 1/28 [poisoned by a worker ant]
  4041 | D:4      | Succumbed to a worker ant's poison

Vault maps used:
D:1:      tarquinn_simple_flora_water_c
D:2:      lemuel_crystal_altar, minmay_misc_feat_x
D:3:      lemuel_coloured_pillars_altar, first_bread
D:4:      kennysheep_little_box

Skill      XL: |  1  2  3  4 |
---------------+-------------+-----
Conjurations   | 2 3 |  3.7
Dodging        | 3 |  3.6
Spellcasting   | 5 |  5.3
Summonings     | 2 |  2.2
Fire Magic     | 1 |  1.4
Stealth        | |  2.4
Translocations | |  1.1

Action                   |  1- 3 |  4- 6 || total
-------------------------+-------+-------++-------
Melee: Dagger            |       |     5 ||     5
 Cast: Magic Dart        |    73 |    50 ||   123
       Call Imp          |    14 |     5 ||    19
       Conjure Flame     |     1 |     5 ||     6
  Use: Scroll            |     2 |       ||     2
       Potion            |       |     2 ||     2
  Eat: Chunk             |     4 |     4 ||     8
Armor: Robe              |     6 |     2 ||     8
Dodge: Dodged            |    22 |     7 ||    29

Table legend:
 A = Spawn XP
 B = Non-spawn XP
 C = Spawn XP percentage of total XP
 D = Spawn monster count
 E = Non-spawn monster count
 F = Spawn count percentage of total count
 G = Total turns spent on level
                    A         B        C        D         E        F      G
               +---------+---------+-------+---------+---------+-------+---------
         Total |       0 |     268 |   0.0 |       0 |      43 |   0.0 |  4041
               +---------+---------+-------+---------+---------+-------+---------
           D:1 |       0 |      23 |   0.0 |       0 |      10 |   0.0 |  1242
           D:2 |       0 |      55 |   0.0 |       0 |      18 |   0.0 |  1537
           D:3 |       0 |     187 |   0.0 |       0 |      13 |   0.0 |  1099
           D:4 |       0 |       3 |   0.0 |       0 |       2 |   0.0 |   163
               +---------+---------+-------+---------+---------+-------+---------
